 Dungeon Crawl Stone Soup version 0.31-a0-986-g5e6e4ef867 (webtiles) character file.

Game seed: 4784744351370385425

601 haloelite the Slasher (level 7, -13/56 (61) HPs)
             Began as a Minotaur Fighter on Nov 8, 2023.
             Mangled by a warg (15 damage)
             ... on level 9 of the Dungeon.
             The game lasted 00:06:30 (1157 turns).

haloelite the Slasher (Minotaur Fighter)            Turns: 1157, Time: 00:06:32

HP:   -13/56 (61)   AC:  7    Str: 21 (23) XL:     7   Next: 18%
MP:   15/15         EV: 10    Int:  4 (5)  God:
Gold: 32            SH:  4    Dex:  7 (9)  Spells: 6/6 levels left

rFire   + . .        a - +0 long sword (heavy)
rCold   x . .        c - +0 buckler
rNeg    . . .        b - +0 scale mail
rPois   .            (helmet restricted)
rElec   .            (no cloak)
rCorr   .            (no gloves)
SInv    .            (no boots)
Will    .....        (no amulet) Stlth
                     d - ring of fire
HPRegen 0.29/turn    h - ring of magical power
MPRegen 0.14/turn

%: no passive effects
@: drained
A: horns 2, retaliatory headbutt, hooves 1, wild magic 1
a: no special abilities


You were on level 9 of the Dungeon.
You visited 1 branch of the dungeon, and saw 8 of its levels.

You collected 32 gold pieces.

Inventory:

Hand Weapons
 a - a +0 heavy long sword (weapon)
Armour
 b - a +0 scale mail (worn)
 c - a +0 buckler (worn)
Jewellery
 d - a ring of fire (left hand)
 h - a ring of magical power (right hand)
Potions
 e - a potion of mutation


   Skills:
 + Level 5.6 Fighting
 + Level 6.0 Long Blades
 + Level 5.4 Armour
 + Level 2.0 Dodging
 + Level 1.1 Stealth
 + Level 4.7 Shields


You had 6 spell levels left.
You didn't know any spells.
Your spell library contained the following spells:

 Spells                   Type           Power      Damage    Failure   Level
 Magic Dart               Conj           0%         1d3       91%         1
 Searing Ray              Conj           0%         2d4       97%         2
 Fulminant Prism          Conj/Hex       0%         3d5       100%        4


Dungeon Overview and Level Annotations

Branches:
Dungeon (9/15)               Lair (0/5) D:9             Orc (0/2) D:9
 Temple: D:4-7

Altars:
Cheibriados

Shops:
D:8 [

Annotations:
D:7 Jeremiah


Innate Abilities, Weirdness & Mutations

You have a pair of horns on your head.
You reflexively headbutt those who attack you in melee.
You have large cloven feet.
Your spells are a little harder to cast, but a little more powerful.


Message History

Found 7 gold pieces.
The two-headed ogre shouts in stereo!
You hear a shout!
The warg closely misses you. You block the warg's attack.
You slash the warg!
The warg is heavily wounded.
The warg barely misses you. The warg bites you but does no damage.
The warg closely misses you. x2; The warg barely misses you.
You block the warg's attack.
You hit the warg. You kick the warg.
The warg is heavily wounded.
The warg closely misses you. The warg barely misses you. The warg bites you!
An orc priest comes into view. It is wielding a +0 mace.
You block the warg's attack. The warg barely misses you.
The warg closely misses you.
An orc comes into view. It is wielding a +0 club.
An orc warrior comes into view. It is wielding a +0 dire flail.
An orc comes into view. It is wielding a +0 hand axe.
The orc warrior shouts!
The orc priest shouts!
The orc shouts!
You hit the warg.
The warg is severely wounded.
The warg bites you but does no damage. The warg barely misses you.
You furiously retaliate!
You headbutt the warg, but do no damage.
The warg bites you. x2; The warg bites you!
You block the warg's attack.
The two-headed ogre hits you with a +0 giant club.
* * * LOW HITPOINT WARNING * * *
The two-headed ogre hits you with a +0 giant club!
* * * LOW HITPOINT WARNING * * *
An orc comes into view. It is wielding a +0 hand axe.
You block the warg's attack. The warg closely misses you.
You furiously retaliate!
You headbutt the warg! The warg misses you. You furiously retaliate!
You headbutt the warg. The warg misses you. The warg barely misses you.
You furiously retaliate!
You headbutt the warg! You slash the two-headed ogre!
You kick the two-headed ogre, but do no damage.
The two-headed ogre is lightly wounded.
You block the warg's attack. The warg bites you.
* * * LOW HITPOINT WARNING * * *
The warg bites you!
You die...

...$......#
.......o..#
..........#
.....oo.o.##
....o....#
.......#
#O....##
#@h....#
#hh....##
#.......##
#........###
#.....<....#
#.........>...
#.............
...........>....
###+##..........


You could see a two-headed ogre, 3 wargs, an orc warrior, an orc priest and 3
orcs.

Vanquished Creatures
  An ice beast (D:5)
  A centaur (D:8)
  A phantom (D:4)
  A howler monkey (D:7)
  A centaur zombie (D:4)
  A hound (D:5)
  A jelly (D:4)
  A centaur skeleton (D:4)
  2 scorpion zombies (D:4)
  2 iguanas (D:4)
  A hound zombie (D:4)
  3 hound skeletons (D:4)
  A howler monkey skeleton (D:4)
  An adder (D:4)
  An adder skeleton (D:4)
  A worm (D:4)
  2 giant cockroaches
  3 goblins
  2 hobgoblins (D:4)
  2 quokkas (D:4)
  3 ball pythons
  A rat (D:2)
33 creatures vanquished.

Notes
Turn   | Place    | Note
-------+----------+-------------------------------------------
     0 | D:1      | haloelite the Minotaur Fighter began the quest for the Orb.
     0 | D:1      | Reached XP level 1. HP: 19/19 MP: 0/0
   228 | D:3      | Identified the "Vogh"
   340 | D:4      | Noticed a jelly
   351 | D:4      | Killed a jelly
   352 | D:4      | Reached XP level 2. HP: 17/27 MP: 1/1
   352 | D:4      | Reached XP level 3. HP: 21/33 MP: 2/2
   368 | D:4      | Reached skill level 3 in Long Blades
   372 | D:4      | Reached XP level 4. HP: 28/41 MP: 3/3
   374 | D:4      | Reached skill level 1 in Dodging
   380 | D:4      | Reached XP level 5. HP: 28/47 MP: 4/4
   488 | D:4      | Reached skill level 4 in Long Blades
   533 | D:4      | Noticed a phantom
   539 | D:5      | Entered Level 5 of the Dungeon
   551 | D:5      | Noticed an ice beast
   558 | D:5      | Killed an ice beast
   559 | D:5      | Reached skill level 5 in Fighting
   559 | D:5      | Reached skill level 5 in Long Blades
   559 | D:5      | Reached skill level 5 in Armour
   559 | D:5      | Reached XP level 6. HP: 56/56 MP: 5/5
   835 | D:4      | You fall into a shaft and drop 3 floors!
   838 | D:7      | Gained mutation: Your spells are a little harder to cast,
                  | but a little more powerful. [potion of mutation]
   838 | D:7      | Gained mutation: You have large cloven feet. [potion of
                  | mutation]
   895 | D:7      | Reached skill level 1 in Stealth
   895 | D:7      | Reached XP level 7. HP: 61/61 MP: 6/6
   897 | D:7      | Noticed Jeremiah
   959 | D:8      | Found a snail-covered altar of Cheibriados.
   959 | D:8      | Found Cheibriados's Comfort Zone.
   967 | D:8      | Reached skill level 6 in Long Blades
  1144 | D:9      | Found a staircase to the Orcish Mines.
  1144 | D:9      | Found a staircase to the Lair.
  1152 | D:9      | Noticed a two-headed ogre
  1157 | D:9      | HP: 2/56 [warg (4)]
  1157 | D:9      | Mangled by a warg

Illustrated notes

Levels and vault maps discovered:
D:1:      lemuel_arrival_cross, layout_loops_corners
D:2:      layout_loops_corners, minmay_box_of_dots
D:3:      layout_basic, minmay_fractal_squares_gapless_5
D:4:      layout_cave_pools, tso_oasis_becter, serial_undead, serial_undead_b,
          serial_undead_f, serial_undead_b, serial_undead_b, uniq_menkaure
D:5:      layout_loops_ring, serial_shops, nicolae_shop_waterfront
D:7:      layout_cave_pools, minmay_temple_entry_drinking_statues,
          enter_bailey_8, grunt_ministairs_10, uniq_jeremiah,
          uniq_crazy_yiuf_cottage, uniq_prince_ribbit1
D:8:      layout_loops_ring, mainiacjoe_overflow_24_doors,
          nicolae_gozag_cash_rules_everything_around_me, jmf_multi_god_temple,
          grunt_ministairs_6, nicolae_concentric_dashed_squares_mild,
          minmay_shop_chei
D:9:      minmay_evil_eye, layout_irregular_city, lair_entry_dummy,
          minmay_orc_entry_guard_dogs, kennysheep_generic_room_3

Skill      XL: |  1  2  3  4  5  6  7 |
---------------+----------------------+-----
Fighting       | 4 5 |  5.6
Armour         | 4 5 |  5.4
Shields        | 4 |  4.7
Long Blades    | 3 5 6 |  6.0
Dodging        | 1 2 |  2.0
Stealth        | 1 |  1.1

Action                     |  1- 3 |  4- 6 |  7- 9 || total
---------------------------+-------+-------+-------++-------
  Melee: Long sword        |    33 |    63 |    10 ||   106
         Headbutt          |    10 |    10 |       ||    20
         Kick              |       |     1 |     3 ||     4
    Use: Potion            |       |     5 |       ||     5
         Scroll            |       |     3 |       ||     3
 Armour: Scale mail        |    34 |    67 |    31 ||   132
  Dodge: Dodged            |    27 |    47 |    19 ||    93
  Block: Buckler           |    12 |    18 |     9 ||    39

Table legend: (Time is in decaauts)
 A = Elapsed time spent in this place.
 B = Non-inter-level travel time spent in this place.
 C = Inter-level travel time spent in this place.
 D = Time resting spent in this place.
 E = Time spent auto-exploring this place.
 F = Levels seen in this place.
 G = Mean time per level.
                   A        B        C        D        E       F      G
               +--------+--------+--------+--------+--------+-----+--------+
         Total |   1184 |   1184 |      0 |      0 |      0 |   8 |  148.0 |
       Dungeon |   1184 |   1184 |      0 |      0 |      0 |   8 |  148.0 |
               +--------+--------+--------+--------+--------+-----+--------+

Top non-repeatable levels by time:
     D:4: 464 daAuts
     D:8: 209 daAuts
     D:2: 202 daAuts
     D:3: 131 daAuts
     D:7: 102 daAuts
     D:5: 33 daAuts
     D:1: 26 daAuts
     D:9: 14 daAuts
